 Dungeon Crawl Stone Soup version 0.13-a0-2236-g7be3fc8 (webtiles) character file.

838 JacquesDerrida the Poker (level 6, -3/49 HPs)
             Began as a Demigod Skald on July 4, 2013.
             Killed by divine providence
             ... invoked by an orc priest
              (13 damage)
             ... on Level 5 of the Dungeon.
             The game lasted 00:10:36 (4250 turns).

JacquesDerrida the Poker (Demigod Skald)            Turns: 4250, Time: 00:10:36

HP  -3/49        AC  6     Str 16      XL: 6   Next: 92%
MP  15/15        EV 10     Int 17      God:
Gold 250         SH  0     Dex 15 (18) Spells:  1 memorised,  8 levels left

Res.Fire  : . . .   See Invis. : .   r - +1 spear (venom)
Res.Cold  : . . .   Warding    : .   b - +0 leather armour (curse)
Life Prot.: . . .   Conserve   : .   (no shield)
Res.Poison: +       Res.Corr.  : .   (no helmet)
Res.Elec. : .       Clarity    : .   o - +1 cloak
Sust.Abil.: . .     Spirit.Shd : .   q - +0 pair of elf gauntlets
Res.Mut.  : .       Stasis     : +   (no boots)
Res.Rott. : .       Flight     : .   v - amulet of stasis
Saprovore : . . .                    (no ring)
                                     k - ring of poison resistance

@: very slightly contaminated, slightly resistant to hostile enchantments,
unstealthy
A: no striking features
a: no special abilities


You were on level 5 of the Dungeon.
You were not hungry.

You visited 1 branch of the dungeon, and saw 5 of its levels.

You collected 230 gold pieces.

Inventory:

Hand weapons
 a - a +0,+0 spear {=f}
 m - a +3,+3 quarterstaff of chaos
 n - a +0,+0 trident of dragon slaying
 r - a +1,+1 spear of venom (weapon)
Missiles
 C - 4 javelins (quivered)
Armour
 b - a cursed +0 leather armour (worn)
 o - a +1 cloak (worn)
 q - a +0 pair of elven gauntlets (worn)
Magical devices
 p - a wand of polymorph (9)
 x - a wand of random effects (10)
Comestibles
 d - 2 bread rations
 i - an apple
 j - 2 meat rations
 l - an orange
 u - a choko
 A - a pear
 B - a banana
Scrolls
 e - 3 scrolls of identify
 f - a scroll of random uselessness
 g - 5 scrolls of remove curse
 h - 2 scrolls of recharging {unknown}
 t - 2 scrolls of fear
Jewellery
 k - a ring of poison resistance (left hand)
 v - an amulet of stasis (around neck)
Potions
 s - 3 potions of brilliance {unknown}
 w - a potion of poison {unknown}
Books
 c - a book of Battle

   Spells                             Type                      Level
   *Infusion                          Charms                       1
   Shroud of Golubria                 Charms/Translocation         2
   Song of Slaying                    Charms                       2
   Spectral Weapon                    Hexes/Charms                 3
   Regeneration                       Charms/Necromancy            3
   Song of Shielding                  Charms                       5


   Skills:
 - Level 1.7 Fighting
 * Level 7.1 Polearms
 - Level 0.8 Armour
 - Level 0.8 Dodging
 - Level 2.0 Spellcasting
 - Level 2.6 Charms


You had 8 spell levels left.
You knew the following spells:

 Your Spells              Type           Power        Failure   Level  Hunger
a - Infusion              Chrm           ##....       10%         1    #......


Dungeon Overview and Level Annotations

Branches:
Dungeon (5/27)
 Temple: D:4-7

Annotations
D:5 JacquesDerrida's ghost, average DgSk


Message History

* * * LOW HITPOINT WARNING * * *
Attack whom?
Press: ? - help, Dir - move target cursor, f/p - orc priest
Aim: an orc priest, wielding an orcish club (almost dead, poisoned)
You reach to attack!
You barely miss the orc priest.
The orc priest is almost dead.
The orc wizard unwields an uncursed orcish dagger.
The orc wizard drops an uncursed orcish dagger.
The orc wizard picks up an orcish short sword of venom.
The orc wizard wields an orcish short sword of venom.
It begins to drip with poison!
Attack whom?
Press: ? - help, Dir - move target cursor, f/p - orc priest
Aim: an orc priest, wielding an orcish club (severely wounded, poisoned)
You reach to attack!
You barely miss the orc priest.
The orc priest is severely wounded.
The orc wizard picks up an uncursed orcish dagger.
The orc priest invokes the aid of Beogh against you.
Something smites you!
You die...

### #.. #.# # #.#.#
#.#.# #...
###############.#
#............@oo#
#.#############o#
#.########## #.#
#.......................
#..###########.........
#..# #.#.######
##..###### #. o#
#.........# #. ..
##..####.. .o .#


You could see an orc priest, an orc wizard and an orc.

Vanquished Creatures
  A sky beast (D:4)
  An ogre (D:4)
  A quasit (D:5)
  A hound (D:5)
  An orc wizard (D:5)
  Crazy Yiuf (D:2)
  A hound skeleton (D:4)
  An iguana (D:5)
  A worker ant (D:4)
  4 gnolls (D:5)
  5 adders
  3 worms
  A giant eyeball (D:4)
  5 giant geckos
  An ooze (D:3)
  An orc (D:5)
  2 ball pythons
  2 giant cockroaches
  7 goblins
  8 hobgoblins
  6 kobolds
  4 quokkas
  8 bats
  4 giant newts
  13 jackals
  An orc skeleton (D:4)
  5 rats
89 creatures vanquished.

Vanquished Creatures (others)
  A goblin (D:2)
  A jackal (D:2)
  A rat (D:2)
3 creatures vanquished.

Grand Total: 92 creatures vanquished

Notes
Turn   | Place    | Note
--------------------------------------------------------------
     0 | D:1      | JacquesDerrida, the Demigod Skald, began the quest for the Orb.
     0 | D:1      | Reached XP level 1. HP: 17/17 MP: 4/4
    30 | D:1      | Found a sparkling altar of Nemelex Xobeh.
   249 | D:1      | Reached XP level 2. HP: 1/24 MP: 6/6
  1097 | D:2      | Reached skill level 3 in Polearms
  1252 | D:2      | Reached XP level 3. HP: 14/29 MP: 8/8
  1833 | D:2      | Noticed Crazy Yiuf
  1844 | D:2      | Killed Crazy Yiuf
  2143 | D:3      | Reached skill level 4 in Polearms
  2143 | D:3      | Reached XP level 4. HP: 17/36 MP: 11/11
  3120 | D:4      | Reached skill level 5 in Polearms
  3120 | D:4      | Reached XP level 5. HP: 38/42 MP: 7/12
  3196 | D:4      | Noticed a sky beast
  3214 | D:4      | Killed a sky beast
  3593 | D:4      | Noticed JacquesDerrida's ghost (average DgSk)
  3631 | D:4      | Noticed an ogre
  3650 | D:4      | Killed an ogre
  3650 | D:4      | Reached skill level 6 in Polearms
  3650 | D:4      | Reached XP level 6. HP: 47/49 MP: 10/15
  3684 | D:5      | Entered Level 5 of the Dungeon
  3690 | D:5      | Found a deep blue altar of Sif Muna.
  3709 | D:5      | Noticed JacquesDerrida's ghost (average DgSk)
  3747 | D:4      | Gained mutation: You are somewhat resistant to further mutation. [potion of mutation]
  3823 | D:4      | Lost mutation: You are somewhat resistant to further mutation. [potion of cure mutation]
  4123 | D:5      | Reached skill level 7 in Polearms
  4250 | D:5      | Killed from afar by an orc priest

Action                   |  1- 3 |  4- 6 || total
-------------------------+-------+-------++-------
Melee: Spear             |   150 |   204 ||   354
       Quarterstaff      |    17 |     9 ||    26
 Cast: Infusion          |     1 |     9 ||    10
Evoke: Wand              |       |     1 ||     1
  Use: Potion            |     1 |     4 ||     5
       Scroll            |       |    15 ||    15
 Stab: Sleeping          |     3 |     2 ||     5
